 Dungeon Crawl Stone Soup version 0.26-a0-670-g578ab304f5 (webtiles) character file.

Game seed: 6905337362180131754

(classic levelgen) 124 EnegeticOcto the Chiller (level 5, -1/31 HPs)
             Began as a Halfling Ice Elementalist on Oct 19, 2020.
             Killed from afar by Blork the orc (7 damage)
             ... with a puff of flame
             ... on level 5 of the Dungeon.
             The game lasted 00:07:05 (963 turns).

EnegeticOcto the Chiller (Halfling Ice Elementalist) Turns: 963, Time: 00:07:05

Health: -1/31      AC:  4    Str:  9    XL:     5   Next: 30%
Magic:  1/7        EV: 15    Int: 14    God:
Gold:   123        SH:  0    Dex: 15    Spells: 3/7 levels left

rFire    . . .     SeeInvis .   d - -3 hand axe
rCold    . . .     Faith    .   (shield restricted)
rNeg     . . .     Spirit   .   a - +0 robe
rPois    .         Reflect  .   j - +1 helmet
rElec    .         Harm     .   (no cloak)
rCorr    .         Rampage  .   (no gloves)
MR       .....                  (no boots)
Stlth    ++........             (no amulet)
HPRegen  0.10/turn              (no ring)
MPRegen  0.10/turn              (no ring)

@: frozen ramparts
A: small, mutation resistance 1
a: no special abilities


You were on level 5 of the Dungeon.
You visited 1 branch of the dungeon, and saw 5 of its levels.

You collected 123 gold pieces.

Inventory:

Hand Weapons
 d - a -3 hand axe (weapon)
 m - a +0 dagger of venom
Missiles
 c - 103 stones (quivered)
 e - 26 poisoned darts
Armour
 a - a +0 robe (worn)
 b - a +0 buckler
 j - a +1 helmet (worn)
 n - a +1 leather armour of magic resistance
Wands
 o - a wand of digging (2) {@v3}
Scrolls
 i - 3 scrolls of remove curse {@r2}
 k - a scroll of blinking {@r4}
Potions
 f - a potion of might {@q3 !q}
 g - a potion of resistance {unknown}
 h - a potion of brilliance {unknown}


   Skills:
 - Level 2.1 Dodging
 - Level 2.1 Stealth
 - Level 1.5 Spellcasting
 + Level 6.2 Ice Magic


You had 3 spell levels left.
You knew the following spells:

 Your Spells              Type           Power        Failure   Level
a - Freeze                Ice            ###.         1%          1
b - Frozen Ramparts       Ice            ###...       6%          3

Your spell library contained the following spells:

 Spells                   Type           Power        Failure   Level
 Ozocubu's Armour         Ice            ###.....     6%          3
 Hailstorm                Conj/Ice       #.......     56%         4
 Summon Ice Beast         Ice/Summ       #.......     56%         4


Dungeon Overview and Level Annotations

Branches:
Dungeon (5/15)
 Temple: D:4-7

Altars:
Dithmenos
Qazlal
Yredelemnul

Annotations:
D:5 Blork the orc


Innate Abilities, Weirdness & Mutations

You are small and have problems with some larger weapons.
You are somewhat resistant to further mutation.


Message History

The wall freezes the adder but do no damage.
The adder barely misses you.
You hit the adder but do no damage.
The wall freezes the adder.
The adder barely misses you.
The wall freezes the adder.
The adder seems to slow down.
The adder bites you.
You are poisoned.
The adder poisons you!
You hit the adder.
The adder is almost dead.
You feel sick.
The wall freezes the adder.
You kill the adder!
The centaur zombie completely resists.
The wall freezes the centaur zombie but do no damage.
The centaur zombie completely resists.
The wall freezes the centaur zombie but do no damage.
The centaur zombie closely misses you.
You feel sick.
The centaur zombie resists.
The wall freezes the centaur zombie.
The centaur zombie completely misses you.
A giant cockroach zombie comes into view.
The frozen ramparts melt away.
You see here a wand of digging (3) {@v3}.
o - a wand of digging (3) {@v3} The centaur zombie barely misses you.
The centaur zombie closely misses you. The centaur zombie misses you.
You feel sick.
There is a stone staircase leading down here.
The centaur zombie hits you. x2
You climb downwards.
There is a stone staircase leading up here.
You feel sick.
There is a stone staircase leading up here.
You feel sick.
You are no longer poisoned.
As you read the scroll labeled XIXEON YHELA, it crumbles to dust.
It is a scroll of enchant armour.
Your +0 helmet glows green for a moment.
Found a plate armour.
Found a stone staircase leading down.
A leopard gecko comes into view.
There is a stone staircase leading down here.
Unknown command.
The leopard gecko hisses angrily.
Casting: Frozen Ramparts (dangerous; 6% risk of failure)
Confirm with . or Enter, or press ? or * to list all spells.
Aiming: Freeze (safe; 1% risk of failure)
Press: ? - help, Shift-Dir - straight line, f - leopard gecko
Aim: a leopard gecko You freeze the leopard gecko!
You kill the leopard gecko!
You see here a leopard gecko corpse.
Evoke which item? (* to show all) (? for menu, Esc to quit)
Press: ? - help, Shift-Dir - straight line A rock wall.
The rock shatters into small pieces.
A jackal skeleton comes into view.
Blork the orc comes into view.
He is wielding a +0 dire flail.
Blork the orc moves out of view.
Blork the orc shouts!
Casting: Freeze (safe; 1% risk of failure)
Confirm with . or Enter, or press ? or * to list all spells.
The walls around you are covered in ice.
The wall freezes Blork the orc.
Blork the orc mumbles some strange words.
Blork the orc seems to speed up.
The wall freezes Blork the orc.
The wall freezes Blork the orc but do no damage.
The wall freezes Blork the orc.
Casting: Frozen Ramparts (dangerous; 6% risk of failure)
Confirm with . or Enter, or press ? or * to list all spells.
Aiming: Freeze (safe; 1% risk of failure)
Press: ? - help, Shift-Dir - straight line, f - Blork the orc
Aim: Blork the orc, wielding a +0 dire flail and wearing a +0 robe (moderately wounded, fast)
You freeze Blork the orc!
Blork the orc is heavily wounded.
The wall freezes Blork the orc but do no damage.
Blork the orc casts a spell at you. The puff of flame hits you.
The jackal skeleton completely resists.
The wall freezes the jackal skeleton but do no damage.
The wall freezes Blork the orc.
Blork the orc casts a spell at you. The puff of flame hits you!
* * * LOW HITPOINT WARNING * * *
The wall freezes Blork the orc.
The jackal skeleton completely resists.
The wall freezes the jackal skeleton but do no damage.
The wall freezes Blork the orc.
The wall freezes Blork the orc.
You barely miss Blork the orc.
Blork the orc is severely wounded.
The frozen ramparts melt away.
Blork the orc completely misses you.
Blork the orc mumbles some strange words.
Blork the orc flickers and vanishes!
Deactivating autopickup; reactivate with Ctrl-A.
Casting: Freeze (safe; 1% risk of failure)
Confirm with . or Enter, or press ? or * to list all spells.
The walls around you are covered in ice.
The wall freezes something.
You hear some strange, mumbled words.
A puff of flame appears from out of thin air!
The puff of flame hits you!
You die...

... #.†..# #.# .
.. #....# #.#
≈.o.#.#######....#
#.#
≈≈Z..............#
#.#
≈≈....##Z#..##..##
#.# ≈≈...
#.#.>##..# #.####
≈... #.#......#
#....# ...
#.####[..# #.##.#
..
#.Z{@....#######.#
#
#######..........#
#.########## #..
####


You could see a jackal skeleton.

Vanquished Creatures
  A worker ant (D:4)
  4 adders
  An ooze (D:2)
  2 worms
  3 leopard geckos
  2 giant cockroaches
  5 hobgoblins
  6 jackals (D:2)
  A quokka (D:4)
  A ball python (D:1)
  11 bats
  A frilled lizard (D:1)
  4 goblins
  5 kobolds
  A quokka zombie (D:4)
  6 rats
54 creatures vanquished.

Vanquished Creatures (others)
  3 plants (D:5)
3 creatures vanquished.

Grand Total: 57 creatures vanquished

Notes
Turn   | Place    | Note
-------+----------+-------------------------------------------
     0 | D:1      | EnegeticOcto the Halfling Ice Elementalist began the quest
                  | for the Orb.
     0 | D:1      | Reached XP level 1. HP: 11/11 MP: 3/3
   122 | D:1      | Reached XP level 2. HP: 4/17 MP: 0/4
   249 | D:2      | Found a stormy altar of Qazlal.
   262 | D:2      | Reached XP level 3. HP: 12/21 MP: 1/5
   326 | D:2      | Reached skill level 5 in Ice Magic
   517 | D:2      | Reached XP level 4. HP: 18/27 MP: 1/6
   523 | D:2      | Learned a level 3 spell: Frozen Ramparts
   652 | D:3      | Found a basalt altar of Yredelemnul.
   769 | D:3      | Found a shadowy altar of Dithmenos.
   817 | D:4      | Reached skill level 6 in Ice Magic
   817 | D:4      | Reached XP level 5. HP: 19/31 MP: 3/7
   856 | D:5      | Entered Level 5 of the Dungeon
   947 | D:5      | Noticed Blork the orc
   963 | D:5      | Killed from afar by Blork the orc

Illustrated notes

Levels and vault maps discovered:
D:1:      zaba_arrival_water, layout_loops_ring
D:2:      layout_basic, grunt_qazlal_clouds
D:3:      layout_loops_cross, overflow_temple_1_default, palyth_stone_intersect,
          minivault_27, grunt_dithmenos_smoke
D:4:      layout_loops_ring, lemuel_blue_sif_altar, serial_undead,
          serial_undead_e, serial_undead_c, serial_undead_f, serial_undead_c,
          serial_undead_d, serial_undead_a
D:5:      black_bear_nest_1, layout_basic, elyvilon_altar_3, temple_garden,
          serial_shops, shop_fountains, basic_altar, gammafunk_ghost_necromancy,
          uniq_blork_the_orc

Skill      XL: |  1  2  3  4 |
---------------+-------------+-----
Ice Magic      | 5 6 |  6.2
Dodging        | |  2.1
Stealth        | |  2.1
Spellcasting   | |  1.5

Action                   |  1- 3 |  4- 6 || total
-------------------------+-------+-------++-------
Melee: Unarmed           |     2 |       ||     2
       Hand axe          |    31 |    24 ||    55
       Dagger            |       |     5 ||     5
Throw: Stone             |     3 |       ||     3
 Cast: Freeze            |    39 |    21 ||    60
       Frozen Ramparts   |       |     7 ||     7
Evoke: Wand              |       |     1 ||     1
  Use: Scroll            |     2 |     4 ||     6
Armor: Robe              |    18 |     3 ||    21
Dodge: Dodged            |   111 |    25 ||   136

Table legend: (Time is in decaauts)
 A = Elapsed time spent in this place.
 B = Non-inter-level travel time spent in this place.
 C = Inter-level travel time spent in this place.
 D = Time resting spent in this place.
 E = Time spent auto-exploring this place.
 F = Levels seen in this place.
 G = Mean time per level.
                   A        B        C        D        E       F      G
               +--------+--------+--------+--------+--------+-----+--------+
         Total |    986 |    975 |     11 |      0 |      0 |   5 |  197.2 |
       Dungeon |    986 |    975 |     11 |      0 |      0 |   5 |  197.2 |
               +--------+--------+--------+--------+--------+-----+--------+

Top non-repeatable levels by time:
     D:2: 402 daAuts
     D:1: 260 daAuts
     D:3: 144 daAuts
     D:5: 93 daAuts
     D:4: 85 daAuts
